 Dungeon Crawl Stone Soup version 0.31.0-32-g396128a36d (webtiles) character file.

Game seed: 17061992179342595187

31 Peloso the Covered (level 3, 33/33 HPs)
             Began as a Minotaur Fighter on Apr 17, 2024.
             Got out of the dungeon alive.
             The game lasted 00:01:06 (789 turns).

Peloso the Covered (Minotaur Fighter)                Turns: 789, Time: 00:01:06

Health: 33/33      AC:  7    Str: 20    XL:     3   Next: 7%
Magic:  1/1        EV:  9    Int:  5    God:
Gold:   5          SH:  4    Dex: 11    Spells: 2/2 levels left

rFire   . . .        a - +0 long sword
rCold   . . .        c - +0 buckler
rNeg    . . .        b - +0 scale mail
rPois   .            (helmet restricted)
rElec   .            (no cloak)
rCorr   .            (no gloves)
SInv    .            (no boots)
Will    .....        (no amulet) Stlth
                     (no ring)
HPRegen 0.25/turn    (no ring)
MPRegen 0.07/turn

%: no passive effects
@: no status effects
A: horns 2, retaliatory headbutt, deterioration 1, low MP 1
a: no special abilities


You escaped.
You visited 1 branch of the dungeon, and saw 1 of its levels.

You collected 5 gold pieces.

Inventory:

Hand Weapons
 a - a +0 long sword (weapon)
Armour
 b - a +0 scale mail (worn)
 c - a +0 buckler (worn)
Jewellery
 g - an amulet of reflection
 k - an amulet of regeneration
Scrolls
 i - a scroll of identify {unknown}
 l - a scroll of torment {unknown}
 m - a scroll of poison {unknown}
Potions
 d - a potion of might
 h - 2 potions of heal wounds {unknown}
 j - a potion of curing {unknown}
 n - a potion of haste {unknown}


   Skills:
 + Level 4.0 Fighting
 + Level 3.2 Long Blades
 + Level 4.0 Armour
 + Level 4.0 Shields


You had 2 spell levels left.
You didn't know any spells.
Your spell library contained the following spells:

 Spells                   Type           Power      Damage    Failure   Level
 Dazzling Flash           Conj/Hex       0%         N/A       99%         3
 Mephitic Cloud           Conj/Alch/Air  0%         N/A       99%         3
 Curse of Agony           Necr           0%         N/A       100%        5
 Silence                  Hex/Air        0%         N/A       100%        5


Dungeon Overview and Level Annotations

Branches:
Dungeon (1/15)

Altars:


Innate Abilities, Weirdness & Mutations

You have a pair of horns on your head.
You reflexively headbutt those who attack you in melee.
Your body sometimes deteriorates upon taking damage.
Your magical capacity is low. (-10% MP)


Message History

n - a bubbling orange potion Key pressed, stopping explore.
You see here 5 poisoned darts.
You see here a bat skeleton.
There is an escape hatch in the floor, spattered with blood here.
There is a staircase leading out of the dungeon here.
A kobold comes into view. It is wielding a +0 whip.
The kobold shouts!
The kobold throws a stone.
The stone barely misses you.
A kobold is nearby!
A kobold is nearby!
A kobold is nearby!
A kobold is nearby!
The kobold throws a stone.
The stone closely misses you.
The kobold throws a stone.
The stone hits you but does no damage.
You slash the kobold!
You kill the kobold!
Things that are here:
a +0 whip; 4 stones; a kobold corpse A frilled lizard comes into view.
The frilled lizard hisses angrily.
A frilled lizard is nearby!
A frilled lizard is nearby!
A frilled lizard is nearby!
You hit the frilled lizard.
You kill the frilled lizard!
Done exploring.
Done exploring.
Done exploring.
Done exploring.
It was a potion of mutation.
You feel extremely strange.
You feel yourself wasting away.
You feel less energetic.
As you read the scroll labelled GOSATUBUENIMIDD, it crumbles to dust.
A profound silence engulfs you.
It was a scroll of silence.
Magic scrolls do not work when you're silenced!
Unknown command.
What level of the Dungeon? (default 1, ? - help)
Your hearing returns.
There is a staircase leading out of the dungeon here.
You have escaped!

####.######..÷÷...÷÷..######.##..
# #.# #...........# #.#### # #.#
#.8..8.8..8.# #.# # # #.#
#...........######.# # # #.#
#...........#......# # # #.#
###...........#####..#### # #.#
#.#...........# #...... ####.#
#.#...........### #.##...
.....####.......@.......###.##.##
.......##.#...........#..........
##..>.....#...........#####.##.#.
..........#....(......# #.##.#.
##........#...........# #.##.#.
#........#...........### #.##.#.
####.#####.8..8.8..8.#.###....).
#.##..#...........#........#.
#.##..#..÷÷.......#.########.


There were no monsters in sight!

Vanquished Creatures
  A dart slug (D:1)
  3 endoplasms (D:1)
  2 giant cockroaches (D:1)
  2 hobgoblins (D:1)
  5 jackals (D:1)
  4 ball pythons (D:1)
  A bat (D:1)
  A frilled lizard (D:1)
  2 goblins (D:1)
  2 kobolds (D:1)
  2 rats (D:1)
25 creatures vanquished.

Notes
Turn   | Place    | Note
-------+----------+-------------------------------------------
     0 | D:1      | Peloso the Minotaur Fighter began the quest for the Orb.
     0 | D:1      | Reached XP level 1. HP: 19/19 MP: 0/0
   121 | D:1      | Reached XP level 2. HP: 27/27 MP: 1/1
   468 | D:1      | Reached XP level 3. HP: 31/33 MP: 2/2
   746 | D:1      | Gained mutation: Your body sometimes deteriorates upon
                  | taking damage. [potion of mutation]
   746 | D:1      | Gained mutation: Your magical capacity is low. (-10% MP)
                  | [potion of mutation]
   789 | D:$      | Got out of the dungeon alive.

Illustrated notes

Levels and vault maps discovered:
D:1:      giann_forest_graveyard, layout_loops_ring

Skill      XL: |  1  2 |
---------------+-------+-----
Armour         | 4 |  4.0
Long Blades    | 3 |  3.2
Fighting       | 4 |  4.0
Shields        | 4 |  4.0

Action                     || total
---------------------------++-------
  Melee: Long sword        ||    52
         Headbutt          ||     7
    Use: Scroll            ||     1
         Potion            ||     1
 Armour: Scale mail        ||    28
  Dodge: Dodged            ||    20
  Block: Buckler           ||     8
